 Dungeon Crawl Stone Soup version 0.30-a0-883-g5ad918d77d (webtiles) character file.

Game seed: 8688931382384307543

390 lunkers the Digger (level 7, -5/50 HPs)
             Began as a Meteoran Earth Elementalist on Mar 17, 2023.
             Succumbed to a water moccasin's poison
             ... on level 5 of the Dungeon.
             The game lasted 00:03:14 (1369 turns).

lunkers the Digger (Meteoran Earth Elementalist)    Turns: 1369, Time: 00:03:15

Health: -5/50      AC:  2    Str:  9    XL:     7   Next: 29%
Magic:  2/15       EV: 12    Int: 24    God:
Gold:   132        SH:  0    Dex: 16    Spells: 10/16 levels left

rFire   . . .      SeeInvis .    (no weapon)
rCold   . . .      Faith    .    (no shield)
rNeg    . . .      Spirit   .    a - +0 robe
rPois   .          Reflect  .    (no helmet)
rElec   .          Rampage  .    (no cloak)
rCorr   .                        (no gloves)
Will    .....                    (no boots)
Stlth   +                        d - amulet of magic regeneration
HPRegen 0.28/turn                n - +6 ring of intelligence
MPRegen 0.54/turn                (no ring)

@: lethally poisoned (-5 -> -34), glowing
A: sense surroundings 1, otherworldly, glowing, explore regen
a: no special abilities


You were on level 5 of the Dungeon.
You visited 1 branch of the dungeon, and saw 5 of its levels.

You collected 132 gold pieces.

Inventory:

Armour
 a - a +0 robe (worn)
 o - the +0 ring mail "Irghiskiu" {Harm rC+ Will+ Int+2}
   (You found it on level 4 of the Dungeon)

   Int:       It affects your intelligence (+2).
   rC:        It protects you from cold.
   Harm:      It increases damage dealt and taken.
   Will:      It increases your willpower.
Jewellery
 d - an amulet of magic regeneration (around neck)
 n - a +6 ring of intelligence (left hand)
Wands
 p - a wand of iceblast (5)
Scrolls
 c - 5 scrolls of identify
 e - a scroll of enchant weapon
 g - a scroll of blinking {unknown}
 h - a scroll of vulnerability {unknown}
 i - a scroll of teleportation {unknown}
 k - a scroll of amnesia {unknown}
 q - 3 scrolls of magic mapping {unknown}
 s - a scroll of silence {unknown}
Potions
 b - a potion of magic
 f - a potion of attraction {unknown}
 j - a potion of lignification {unknown}
 l - a potion of curing {unknown}
 m - a potion of ambrosia {unknown}
 r - a potion of brilliance {unknown}
 t - a potion of flight {unknown}


   Skills:
 - Level 2.4 Dodging
 - Level 1.4 Stealth
 + Level 5.3 Spellcasting
 - Level 1.2 Transmutations
 * Level 7.6 Earth Magic


You had 10 spell levels left.
You knew the following spells:

 Your Spells              Type           Power      Damage    Failure   Level
a - Sandblast             Erth           84%        2d18      1%          1
b - Passwall              Tmut/Erth      22%        N/A       1%          2
c - Stone Arrow           Conj/Erth      48%        3d10      5%          3

Your spell library contained the following spells:

 Spells                   Type           Power      Damage    Failure   Level
 Magic Dart               Conj           24%        1d4       9%          1
 Searing Ray              Conj           12%        2d4       13%         2
 Petrify                  Tmut/Erth      27%        N/A       14%         4
 Fulminant Prism          Conj/Hex       3%         3d5       65%         4


Dungeon Overview and Level Annotations

Branches:
Dungeon (5/15) Zot: 1579
 Temple: D:4-7

Altars:
Trog


Innate Abilities, Weirdness & Mutations

You passively map a small area around you.
You are easily found by Zot.
You glow in the dark.
You regain HP and MP as you explore.


Message History

Aim: a water moccasin (53% to hit)
The stone arrow misses the water moccasin.
You feel very sick. The water moccasin bites you!
* * * LOW HITPOINT WARNING * * *
You are lethally poisoned!
The water moccasin poisons you!
Unknown command.
Casting: Stone Arrow (dangerous; 5% risk of failure)
Confirm with . or Enter, or press ? or * to list all spells.
Aiming: Stone Arrow (dangerous; 5% risk of failure)
Press: ? - help, Shift-Dir - straight line, f/p - water moccasin
Aim: a water moccasin (53% to hit)
The stone arrow misses the water moccasin.
* * * LOW HITPOINT WARNING * * *
You feel very sick. The water moccasin bites you.
* * * LOW HITPOINT WARNING * * *
The water moccasin closely misses you.
Casting: Stone Arrow (dangerous; 5% risk of failure)
Confirm with . or Enter, or press ? or * to list all spells.
Aiming: Stone Arrow (dangerous; 5% risk of failure)
Press: ? - help, Shift-Dir - straight line, f/p - water moccasin
Aim: a water moccasin (53% to hit)
The stone arrow misses the water moccasin.
* * * LOW MAGIC WARNING * * *
* * * LOW HITPOINT WARNING * * *
You feel very sick. The water moccasin bites you.
* * * LOW HITPOINT WARNING * * *
You are more poisoned.
The water moccasin poisons you!
Okay, then.
Aiming: Sandblast (safe; 1% risk of failure)
Press: ? - help, Q - select action, (/) - cycle Shift-Dir - straight line, f/p - water moccasin
Aim: a water moccasin (75% to hit)
The blast of sand hits the water moccasin!!
The water moccasin is severely wounded.
* * * LOW MAGIC WARNING * * *
You die...

..# ##...##.#
... * * #.####.#
.#* ###.# ### ,
,* #...#### , **
#......#### , *
######.>..# , *
..#######...#.#*
* ,
............#,..
,..##..@....#*
... *
#.....S.#####
##* ###.....# ,
*#......# *
...#..... *, ,
.. ###### , , #
* , * , ,


You could see a water moccasin.

Vanquished Creatures
  A howler monkey (D:5)
  2 orc priests (D:4)
  2 iguanas (D:5)
  2 orc wizards (D:4)
  6 gnolls
  8 adders
  3 dart slugs
  5 orcs (D:4)
  3 bats
  4 endoplasms
  2 giant cockroaches
  5 hobgoblins
  2 quokkas
  9 ball pythons
  2 goblins
  6 kobolds
  2 rats (D:2)
64 creatures vanquished.

Notes
Turn   | Place    | Note
-------+----------+-------------------------------------------
     0 | D:1      | lunkers the Meteoran Earth Elementalist began the quest for
                  | the Orb.
     0 | D:1      | Reached XP level 1. HP: 14/14 MP: 5/5
   122 | D:1      | Reached XP level 2. HP: 20/20 MP: 4/6
   137 | D:1      | Reached skill level 4 in Earth Magic
   261 | D:1      | Reached XP level 3. HP: 26/26 MP: 8/8
   417 | D:2      | Reached XP level 4. HP: 33/33 MP: 7/10
   456 | D:2      | Reached skill level 5 in Earth Magic
   494 | D:2      | Reached XP level 5. HP: 38/38 MP: 9/11
   863 | D:3      | Found a bloodstained altar of Trog.
   928 | D:4      | Reached skill level 6 in Earth Magic
   939 | D:4      | Identified the +0 ring mail "Irghiskiu" {Harm rC+ Will+
                  | Int+2}
   991 | D:4      | Learned a level 2 spell: Passwall
   995 | D:4      | Learned a level 3 spell: Stone Arrow
  1012 | D:4      | Reached XP level 6. HP: 33/45 MP: 11/13
  1068 | D:4      | Reached skill level 7 in Earth Magic
  1228 | D:5      | Entered Level 5 of the Dungeon
  1233 | D:5      | Reached skill level 5 in Spellcasting
  1233 | D:5      | Reached XP level 7. HP: 22/50 MP: 13/15
  1359 | D:5      | Noticed a water moccasin
  1369 | D:5      | Succumbed to a water moccasin's poison

Illustrated notes

Levels and vault maps discovered:
D:1:      minmay_arrival_hallway, layout_basic
D:2:      layout_loops_ring, basic_altar, minmay_heptomino_d4
D:3:      layout_loops_corners, trog_antimagical, minmay_misc_feat_rows,
          uniq_grinder
D:4:      layout_rooms, grunt_ministairs_1
D:5:      layout_rooms, nicolae_overflow_hidden_temple,
          minmay_temple_entry_nine_rooms

Skill      XL: |  1  2  3  4  5  6 |
---------------+-------------------+-----
Earth Magic    | 4 5 6 7 |  7.6
Spellcasting   | 3 4 5 |  5.3
Dodging        | |  2.4
Stealth        | |  1.4
Transmutations | |  1.2

Action                     |  1- 3 |  4- 6 |  7- 9 || total
---------------------------+-------+-------+-------++-------
   Cast: Sandblast         |    38 |    60 |     8 ||   106
         Stone Arrow       |       |       |     5 ||     5
    Use: Scroll            |     1 |       |       ||     1
 Armour: Robe              |     3 |     7 |     1 ||    11
  Dodge: Dodged            |     7 |    15 |     4 ||    26

Table legend: (Time is in decaauts)
 A = Elapsed time spent in this place.
 B = Non-inter-level travel time spent in this place.
 C = Inter-level travel time spent in this place.
 D = Time resting spent in this place.
 E = Time spent auto-exploring this place.
 F = Levels seen in this place.
 G = Mean time per level.
                   A        B        C        D        E       F      G
               +--------+--------+--------+--------+--------+-----+--------+
         Total |   1420 |   1345 |     75 |      0 |   1012 |   5 |  284.0 |
       Dungeon |   1420 |   1345 |     75 |      0 |   1012 |   5 |  284.0 |
               +--------+--------+--------+--------+--------+-----+--------+

Top non-repeatable levels by time:
     D:2: 420 daAuts
     D:4: 328 daAuts
     D:1: 294 daAuts
     D:3: 230 daAuts
     D:5: 146 daAuts
